[ AOE2 MATCH · #461030225 ]
UnrankedTatars vs Chinese
Player's team · WIN
Rival team · LOSS
[ REPLAY ANALYSIS · EXTRACTED FROM THE RECORDED GAME ]
Feudal
11:22
Castle
14:55
Imperial
26:26
| APM avg | 56.1 |
| APM peak | 124 |
| eAPM avg | 20.2 |
| Villagers / military | 94 / 77 |
Focus
⚔️ 33.9% · 🌾 66.1%
Cavalry Archer ×41 · Keshik ×26 · Scout Cavalry ×3 · Trebuchet (Packed) ×3 · Skirmisher ×2 · Monk ×1
Feudal
10:58
Castle
14:29
Imperial
28:36
| APM avg | 39.6 |
| APM peak | 68 |
| eAPM avg | 23.7 |
| Villagers / military | 179 / 76 |
Focus
⚔️ 26.6% · 🌾 73.4%
Spearman ×55 · Iron Pagoda ×11 · Fire Lancer ×5 · Trebuchet (Packed) ×5
Match map
Initial resources + every placement click. Lines = walls · curves = elevation contours. ◆ gold · ⬟ stone · ● berries · ✦ relic · ◌ wall gap
Your base· ✓ Closed at 14:55 · 0t walls · 3 gate(s)
damn.'s base· ✓ Closed at 14:29 · 0t walls · 2 gate(s)
Smoothed initial terrain · ◌ = detected wall gap · hover for details
Inputs per minute
— D&I | Kappa di Asso - - damn.
Build order — D&I | Kappa di Asso
First 150 of 279 actions detected
| 0:00 | Create | Villager (Male) |
| 0:01 | Create | Villager (Male) |
| 0:01 | Create | Villager (Male) |
| 0:02 | Build | House |
| 0:04 | Build | House |
| 0:09 | Create | Villager (Male) |
| 1:12 | Create | Villager (Male) |
| 1:56 | Build | Lumber Camp |
| 2:01 | Create | Villager (Male) |
| 2:20 | Create | Villager (Male) |
| 2:33 | Create | Villager (Male) |
| 2:33 | Create | Villager (Male) |
| 2:59 | Build | House |
| 3:06 | Create | Villager (Male) |
| 3:37 | Create | Villager (Male) |
| 3:37 | Create | Villager (Male) |
| 4:03 | Create | Villager (Male) |
| 4:21 | Build | Mill |
| 4:26 | Create | Villager (Male) |
| 4:43 | Create | Villager (Male) |
| 4:44 | Create | Villager (Male) |
| 4:44 | Create | Villager (Male) |
| 5:14 | Create | Villager (Male) |
| 5:28 | Create | Villager (Male) |
| 5:28 | Create | Villager (Male) |
| 5:58 | Create | Villager (Male) |
| 6:31 | Create | Villager (Male) |
| 6:35 | Research | Loom |
| 6:37 | Build | House |
| 7:07 | Create | Villager (Male) |
| 7:07 | Create | Villager (Male) |
| 7:07 | Create | Villager (Male) |
| 7:07 | Create | Villager (Male) |
| 7:38 | Build | Mining Camp |
| 8:41 | Create | Villager (Male) |
| 8:51 | Build | Barracks |
| 8:57 | Research | Feudal Age |
| 9:20 | Build | Farm |
| 9:41 | Build | House |
| 10:16 | Build | Farm |
| 10:46 | Create | Villager (Male) |
| 10:46 | Create | Villager (Male) |
| 11:22 | Age | Feudal Age |
| 11:23 | Build | Stable |
| 11:27 | Build | Market |
| 12:15 | Research | Castle Age |
| 12:31 | Research | Double-Bit Axe |
| 12:36 | Build | House |
| 12:43 | Research | Horse Collar |
| 12:47 | Create | Scout Cavalry |
| 13:09 | Create | Scout Cavalry |
| 13:23 | Research | Horse Collar |
| 13:38 | Create | Villager (Male) |
| 13:38 | Create | Villager (Male) |
| 13:46 | Build | Farm |
| 13:53 | Create | Scout Cavalry |
| 14:09 | Create | Villager (Male) |
| 14:55 | Age | Castle Age |
| 14:58 | Create | Villager (Male) |
| 14:59 | Research | Wheelbarrow |
| 15:01 | Build | Monastery |
| 15:05 | Build | Town Center |
| 15:18 | Create | Villager (Male) |
| 15:24 | Build | House |
| 15:25 | Build | House |
| 15:41 | Create | Monk |
| 15:46 | Create | Villager (Male) |
| 15:53 | Build | Farm |
| 16:06 | Research | Bow Saw |
| 16:25 | Create | Villager (Male) |
| 16:29 | Create | Villager (Male) |
| 16:45 | Build | Farm |
| 16:56 | Build | Farm |
| 17:02 | Build | Farm |
| 17:04 | Create | Villager (Male) |
| 17:07 | Build | Farm |
| 17:13 | Create | Villager (Male) |
| 17:13 | Create | Villager (Male) |
| 17:14 | Create | Villager (Male) |
| 17:25 | Build | Farm |
| 17:26 | Build | Farm |
| 17:43 | Create | Villager (Male) |
| 17:49 | Build | Farm |
| 17:50 | Build | Farm |
| 17:52 | Build | Farm |
| 17:56 | Create | Villager (Male) |
| 18:20 | Create | Villager (Male) |
| 18:26 | Build | Farm |
| 18:26 | Build | Farm |
| 18:30 | Create | Villager (Male) |
| 18:39 | Create | Villager (Male) |
| 18:45 | Build | Lumber Camp |
| 18:50 | Build | Farm |
| 18:54 | Create | Villager (Male) |
| 19:03 | Create | Villager (Male) |
| 19:17 | Build | Farm |
| 19:18 | Build | Farm |
| 19:26 | Create | Villager (Male) |
| 19:42 | Build | Mining Camp |
| 19:49 | Build | House |
| 19:49 | Build | House |
| 19:54 | Create | Villager (Male) |
| 19:55 | Research | Town Watch |
| 20:05 | Build | Outpost |
| 20:07 | Build | Outpost |
| 20:10 | Create | Villager (Male) |
| 20:14 | Build | House |
| 20:21 | Build | Farm |
| 20:23 | Create | Villager (Male) |
| 20:39 | Create | Villager (Male) |
| 20:41 | Build | Farm |
| 20:46 | Create | Villager (Male) |
| 20:50 | Create | Villager (Male) |
| 20:52 | Research | Gold Mining |
| 21:05 | Create | Villager (Male) |
| 21:07 | Build | University |
| 21:20 | Build | House |
| 21:21 | Build | House |
| 21:23 | Create | Villager (Male) |
| 21:39 | Build | Outpost |
| 21:44 | Build | Outpost |
| 21:46 | Create | Villager (Male) |
| 21:54 | Build | Archery Range |
| 22:07 | Create | Villager (Male) |
| 22:11 | Build | Archery Range |
| 22:13 | Create | Villager (Male) |
| 22:40 | Create | Villager (Male) |
| 22:49 | Create | Villager (Male) |
| 22:53 | Build | Archery Range |
| 23:08 | Build | Blacksmith |
| 23:10 | Create | Villager (Male) |
| 23:16 | Research | Imperial Age |
| 23:27 | Create | Villager (Male) |
| 23:39 | Create | Cavalry Archer |
| 23:39 | Create | Cavalry Archer |
| 23:40 | Create | Cavalry Archer |
| 24:06 | Research | Fletching |
| 24:08 | Research | Bloodlines |
| 24:09 | Create | Cavalry Archer |
| 24:17 | Create | Villager (Male) |
| 24:21 | Build | Mining Camp |
| 24:27 | Research | Ballistics |
| 24:27 | Research | Ballistics |
| 24:57 | Build | Castle |
| 25:04 | Create | Cavalry Archer |
| 25:04 | Create | Cavalry Archer |
| 25:07 | Create | Villager (Male) |
| 25:13 | Create | Cavalry Archer |
| 25:29 | Research | Bodkin Arrow |
| 25:31 | Create | Cavalry Archer |
Build order — damn.
First 150 of 361 actions detected
| 0:01 | Research | Loom |
| 0:48 | Create | Villager (Male) |
| 1:17 | Create | Villager (Male) |
| 1:36 | Create | Villager (Male) |
| 2:08 | Create | Villager (Male) |
| 2:25 | Create | Villager (Male) |
| 2:38 | Build | Lumber Camp |
| 2:45 | Create | Villager (Male) |
| 3:14 | Create | Villager (Male) |
| 3:22 | Create | Villager (Male) |
| 3:32 | Build | House |
| 3:43 | Create | Villager (Male) |
| 4:03 | Create | Villager (Male) |
| 4:18 | Build | House |
| 4:31 | Build | Mill |
| 4:39 | Create | Villager (Male) |
| 4:48 | Create | Villager (Male) |
| 5:06 | Build | House |
| 5:36 | Create | Villager (Male) |
| 5:52 | Create | Villager (Male) |
| 5:56 | Build | Farm |
| 6:33 | Create | Villager (Male) |
| 6:35 | Build | Lumber Camp |
| 6:55 | Create | Villager (Male) |
| 7:21 | Create | Villager (Male) |
| 7:24 | Build | Farm |
| 7:48 | Create | Villager (Male) |
| 8:06 | Build | Mining Camp |
| 8:21 | Create | Villager (Male) |
| 8:36 | Research | Feudal Age |
| 8:53 | Build | Farm |
| 9:13 | Create | Villager (Male) |
| 9:13 | Create | Villager (Male) |
| 10:41 | Create | Villager (Male) |
| 10:58 | Age | Feudal Age |
| 11:03 | Build | Market |
| 11:08 | Build | Blacksmith |
| 11:49 | Research | Castle Age |
| 12:24 | Research | Double-Bit Axe |
| 12:24 | Research | Horse Collar |
| 12:29 | Build | House |
| 14:23 | Create | Villager (Male) |
| 14:29 | Age | Castle Age |
| 14:33 | Build | Town Center |
| 14:36 | Build | Town Center |
| 14:37 | Research | Bow Saw |
| 14:37 | Research | Heavy Plow |
| 14:40 | Create | Villager (Male) |
| 14:41 | Build | Farm |
| 14:42 | Build | Farm |
| 14:44 | Build | Farm |
| 14:45 | Build | Farm |
| 14:47 | Build | Farm |
| 14:50 | Create | Villager (Male) |
| 15:04 | Create | Villager (Male) |
| 15:11 | Build | Farm |
| 15:30 | Build | Farm |
| 15:33 | Build | Farm |
| 15:35 | Build | Farm |
| 15:36 | Create | Villager (Male) |
| 15:38 | Build | Farm |
| 16:01 | Create | Villager (Male) |
| 16:04 | Build | Farm |
| 16:07 | Create | Villager (Male) |
| 16:10 | Create | Villager (Male) |
| 16:15 | Build | Farm |
| 16:17 | Build | Farm |
| 16:23 | Create | Villager (Male) |
| 16:26 | Build | Farm |
| 16:28 | Create | Villager (Male) |
| 16:47 | Create | Villager (Male) |
| 16:53 | Build | Mining Camp |
| 16:58 | Create | Villager (Male) |
| 17:00 | Build | Farm |
| 17:03 | Build | Farm |
| 17:04 | Build | Farm |
| 17:07 | Create | Villager (Male) |
| 17:07 | Create | Villager (Male) |
| 17:12 | Build | Farm |
| 17:18 | Create | Villager (Male) |
| 17:21 | Build | Farm |
| 17:23 | Create | Villager (Male) |
| 17:27 | Build | Farm |
| 17:33 | Create | Villager (Male) |
| 17:35 | Create | Villager (Male) |
| 17:43 | Create | Villager (Male) |
| 17:52 | Create | Villager (Male) |
| 17:58 | Create | Villager (Male) |
| 18:02 | Create | Villager (Male) |
| 18:07 | Create | Villager (Male) |
| 18:13 | Build | Farm |
| 18:15 | Create | Villager (Male) |
| 18:19 | Build | Farm |
| 18:22 | Create | Villager (Male) |
| 18:24 | Create | Villager (Male) |
| 18:34 | Create | Villager (Male) |
| 18:45 | Build | Town Center |
| 18:47 | Create | Villager (Male) |
| 18:49 | Create | Villager (Male) |
| 18:57 | Create | Villager (Male) |
| 18:57 | Create | Villager (Male) |
| 19:01 | Build | Mining Camp |
| 19:04 | Create | Villager (Male) |
| 19:06 | Build | Farm |
| 19:09 | Build | Farm |
| 19:11 | Build | Farm |
| 19:12 | Create | Villager (Male) |
| 19:14 | Build | House |
| 19:23 | Create | Villager (Male) |
| 19:28 | Research | Wheelbarrow |
| 19:30 | Create | Villager (Male) |
| 19:35 | Build | Outpost |
| 19:37 | Create | Villager (Male) |
| 19:40 | Create | Villager (Male) |
| 19:48 | Create | Villager (Male) |
| 19:51 | Build | Farm |
| 19:52 | Build | Farm |
| 19:54 | Build | Farm |
| 19:55 | Create | Villager (Male) |
| 20:02 | Build | Outpost |
| 20:03 | Create | Villager (Male) |
| 20:06 | Build | House |
| 20:08 | Create | Villager (Male) |
| 20:12 | Create | Villager (Male) |
| 20:20 | Create | Villager (Male) |
| 20:23 | Create | Villager (Male) |
| 20:23 | Create | Villager (Male) |
| 20:25 | Build | Farm |
| 20:26 | Build | Farm |
| 20:28 | Build | Farm |
| 20:29 | Create | Villager (Male) |
| 20:33 | Research | Town Watch |
| 20:34 | Create | Villager (Male) |
| 20:37 | Create | Villager (Male) |
| 20:41 | Build | Farm |
| 20:42 | Create | Villager (Male) |
| 20:49 | Build | Outpost |
| 20:52 | Create | Villager (Male) |
| 20:58 | Build | House |
| 20:59 | Build | House |
| 21:00 | Create | Villager (Male) |
| 21:02 | Build | Farm |
| 21:05 | Research | Gold Mining |
| 21:07 | Create | Villager (Male) |
| 21:07 | Create | Villager (Male) |
| 21:13 | Create | Villager (Male) |
| 21:16 | Build | Farm |
| 21:18 | Create | Villager (Male) |
| 21:29 | Build | Siege Workshop |
| 21:30 | Create | Villager (Male) |
Match timeline
| 8:51 | D&I | Kappa di Asso · first_building Barracks |
| 10:58 | damn. · age_up feudal |
| 11:22 | D&I | Kappa di Asso · age_up feudal |
| 11:23 | D&I | Kappa di Asso · first_building Stable |
| 11:47 | damn. · first_market_sell 100 wood |
| 14:29 | damn. · age_up castle |
| 14:55 | D&I | Kappa di Asso · age_up castle |
| 15:01 | D&I | Kappa di Asso · first_building Monastery |
| 17:12 | D&I | Kappa di Asso · first_market_buy 100 food |
| 21:29 | damn. · first_building Siege Workshop |
| 21:54 | D&I | Kappa di Asso · first_building Archery Range |
| 22:10 | damn. · first_building Barracks |
| 24:25 | D&I | Kappa di Asso · first_market_sell 100 wood |
| 24:57 | D&I | Kappa di Asso · first_building Castle |
| 26:12 | damn. · first_market_buy 100 stone |
| 26:14 | damn. · first_building Castle |
| 26:26 | D&I | Kappa di Asso · age_up imperial |
| 28:36 | damn. · age_up imperial |
| 35:22 | damn. · resign |
[ AI ANALYSIS · 1 CREDIT ]
What really happened in this match?
Wolo.gg analyzes every decision: build order, eco, micro, common mistakes by bracket. Personalized analysis on WhatsApp or Discord in 30 seconds.
Civ guide
Tatars
Perfil
Jugador #5650621